 Dungeon Crawl Stone Soup version 0.28-a0-1184-g53156a8862 (webtiles) character file.

Game seed: 6168927660501777971

86 ytrimaz the Shield-Bearer (level 4, -1/35 HPs)
             Began as a Formicid Fighter on Dec 17, 2021.
             Slain by Crazy Yiuf (5 damage)
             ... on level 2 of the Dungeon.
             The game lasted 00:02:01 (2545 turns).

ytrimaz the Shield-Bearer (Formicid Fighter)        Turns: 2545, Time: 00:02:01

Health: -1/35      AC:  7    Str: 22    XL:     4   Next: 77%
Magic:  4/4        EV: 15    Int:  8    God:
Gold:   82         SH:  4    Dex: 10    Spells: 3/3 levels left

rFire   . . .      SeeInvis +   a - +0 war axe
rCold   . . .      Faith    .   c - +0 buckler
rNeg    . . .      Spirit   .   b - +0 scale mail
rPois   .          Reflect  .   (helmet unavailable)
rElec   .          Harm     .   (no cloak)
rCorr   .          Rampage  .   (no gloves)
Will    .....                   (no boots)
Stlth   ..........              (no amulet)
HPRegen 0.11/turn               (no ring)
MPRegen 0.09/turn               (no ring)

@: agile
A: permanent stasis, dig shafts and tunnels, antennae 3, four strong arms
a: Dig, Shaft Self


You were on level 2 of the Dungeon.
You visited 1 branch of the dungeon, and saw 4 of its levels.

You collected 82 gold pieces.

Inventory:

Hand Weapons
 a - a +0 war axe (weapon)
Armour
 b - a +0 scale mail (worn)
 c - a +0 buckler (worn)
Jewellery
 f - a ring of ice
Scrolls
 e - a scroll of identify
 g - a scroll of fog {unknown}
Potions
 d - a potion of might


   Skills:
 + Level 3.5 Fighting
 * Level 3.6 Axes
 + Level 3.7 Armour
 * Level 1.0 Dodging
 + Level 3.9 Shields


You had 3 spell levels left.
You didn't know any spells.
Your spell library contained the following spells:

 Spells                   Type           Power      Damage    Failure   Level
 Animate Skeleton         Necr           0%         N/A       73%         1
 Apportation              Tloc           0%         N/A       73%         1
 Summon Small Mammal      Summ           0%         N/A       73%         1
 Ensorcelled Hibernation  Hex/Ice        0%         N/A       86%         2
 Spider Form              Tmut/Pois      0%         N/A       97%         3


Dungeon Overview and Level Annotations

Branches:
Dungeon (4/15)
 Temple: D:4-7

Altars:

Shops:
D:1 *

Annotations:
D:2 Crazy Yiuf


Innate Abilities, Weirdness & Mutations

You cannot be hasted, slowed, berserked, paralysed or teleported.
You can dig through walls and to a lower floor.
You have a pair of large antennae on your head. (SInv)
Your four strong arms can wield two-handed weapons with a shield.


Message History

You block the worm's attack.
You barely miss the worm.
The worm is heavily wounded.
You barely miss the worm.
The worm is heavily wounded.
The worm bites you but does no damage.
You slash the worm!
You kill the worm!
Items here: ( )))) †††.
Items here: ( )))) †††.
Items here: ( ))) ††.
Items here: )) [[ ††.
Things that are here:
a +0 club; a goblin corpse
Items here: ( )))) †††.
Items here: ( ))) ††.
Crazy Yiuf shouts!
Could not explore, unopened runed door.
Could not explore, unopened runed door.
You open the door. You barely miss Crazy Yiuf.
Crazy Yiuf screams, "Ice return to song blue!"
Crazy Yiuf barely misses you.
You hit Crazy Yiuf.
Crazy Yiuf is moderately wounded.
Crazy Yiuf hits you with a +2 quarterstaff of chaos!
Crazy Yiuf burns you. Crazy Yiuf closely misses you.
You completely miss Crazy Yiuf.
Crazy Yiuf is moderately wounded.
Crazy Yiuf hits you with a +2 quarterstaff of chaos.
You barely miss Crazy Yiuf.
Crazy Yiuf is moderately wounded.
Crazy Yiuf hits you with a +2 quarterstaff of chaos!
* * * LOW HITPOINT WARNING * * *
You feel agile all of a sudden.
You barely miss Crazy Yiuf.
Crazy Yiuf is moderately wounded.
Crazy Yiuf misses you.
Crazy Yiuf hits you with a +2 quarterstaff of chaos.
You die...

..##.####....##.....##...##......
####.####..###########.####......
##........# #.## #......
##.........# ##### #÷.###......
.......##### #)..# #...........
##.....# #...# #.####......
##.....##### ... #..###......
##.........# #g# #....#......
.......##### ♣@♣♣ ######......
##.....# ♣♣.♣ ######......
####### ♣.♣♣ #........... ♣♣.♣
#.######.... ♣♣.♣♣ #.# #####
♣♣.P.♣ #.# ♣.PP.♣ #.# #....# #.#
#....###.#


You could see Crazy Yiuf.

Vanquished Creatures
  Robin (D:2)
  2 worms (D:2)
  5 dart slugs
  7 endoplasms
  2 giant cockroaches
  9 goblins
  5 hobgoblins (D:2)
  2 quokkas
  7 ball pythons
  6 bats
  4 frilled lizards
  3 kobolds
  A quokka skeleton (D:4)
  4 rats
58 creatures vanquished.

Notes
Turn   | Place    | Note
-------+----------+-------------------------------------------
     0 | D:1      | ytrimaz the Formicid Fighter began the quest for the Orb.
     0 | D:1      | Reached XP level 1. HP: 18/18 MP: 1/1
   217 | D:1      | Reached XP level 2. HP: 20/24 MP: 2/2
  1279 | D:1      | Reached XP level 3. HP: 28/29 MP: 3/3
  1468 | D:1      | Found Seadun's General Store.
  1494 | D:1      | Found a faded altar of an unknown god.
  1733 | D:2      | You fall into a shaft and drop 2 floors!
  1787 | D:4      | Noticed a scorpion
  2006 | D:2      | Reached XP level 4. HP: 31/35 MP: 4/4
  2186 | D:2      | Found a runed translucent door.
  2187 | D:2      | Noticed Crazy Yiuf
  2275 | D:2      | Noticed Robin
  2291 | D:2      | Reached skill level 1 in Dodging
  2292 | D:2      | Killed Robin
  2545 | D:2      | Slain by Crazy Yiuf

Illustrated notes

Levels and vault maps discovered:
D:1:      erik_arrival_cave_to_civilisation [erik_arrival_cave_to_hall],
          layout_basic, serial_shops, nicolae_shop_advertising_works
          [nicolae_subvault_shop_adworks],
          hellmonk_ecumenical_altar_inner_sanctum
D:2:      layout_rooms, uniq_robin, uniq_crazy_yiuf_cottage
D:3:      layout_basic, demons_altar, patterned_corridor, uniq_ijyb
D:4:      layout_basic, nicolae_overflow_hidden_temple,
          mainiacjoe_overflow_swirl, minmay_temple_entry_grid

Skill      XL: |  1  2  3  4 |
---------------+-------------+-----
Axes           | 3 |  3.6
Dodging        | 1 |  1.0
Fighting       | |  3.5
Armour         | |  3.7
Shields        | |  3.9

Action                   |  1- 3 |  4- 6 || total
-------------------------+-------+-------++-------
Melee: War axe           |    77 |    35 ||   112
 Abil: Dig               |     4 |       ||     4
  Use: Scroll            |     5 |       ||     5
       Potion            |       |     1 ||     1
Armor: Scale mail        |    42 |    22 ||    64
Dodge: Dodged            |    34 |    29 ||    63
Block: Buckler           |    15 |     7 ||    22

Table legend: (Time is in decaauts)
 A = Elapsed time spent in this place.
 B = Non-inter-level travel time spent in this place.
 C = Inter-level travel time spent in this place.
 D = Time resting spent in this place.
 E = Time spent auto-exploring this place.
 F = Levels seen in this place.
 G = Mean time per level.
                   A        B        C        D        E       F      G
               +--------+--------+--------+--------+--------+-----+--------+
         Total |   2585 |   2533 |     52 |      0 |   2117 |   4 |  646.2 |
       Dungeon |   2585 |   2533 |     52 |      0 |   2117 |   4 |  646.2 |
               +--------+--------+--------+--------+--------+-----+--------+

Top non-repeatable levels by time:
     D:1: 1590 daAuts
     D:2: 910 daAuts
     D:4: 71 daAuts
     D:3: 13 daAuts
